AoeStats
← KnightOfHonor

Arena

510610029Analyzed
1v1 RM · 19h ago on Oct 1, 2026· 38m 26s· 2 players
Game mode
Random Map
Map size
Tiny (2 player)
Population
200
Speed
Normal
Resources
Standard
Victory
Conquest
Starting age
Dark Age
Ending age
Imperial Age
RankedLock teamsTeams togetherTeam positionsShared explorationLock speedFull tech treeHidden civsTurbo modeCheats
Victory
Defeat
🇧🇷 Danes · Brazil
747
+18
🇺🇸 Saxons · United States
781
-18
Joe Camel
10:27 Feudal Age
14:13 Castle Age
12:00 Loom
12:51 Wheelbarrow
12:10 Double-Bit Axe
12:13 Loom
13:37 Wheelbarrow
18:29 Scale Mail Armor
18:40 Forging
20:49 Bow Saw
21:54 Horse Collar
22:08 Gambesons
22:09 Arson
23:56 Chain Mail Armor
23:47 Squires
24:44 Iron Casting
24:13 Gold Mining
24:24 Heavy Plow
27:40 Gold Shaft Mining
29:16 Hand Cart
31:59 Town Watch
33:36 Town Patrol
35:34 Hamask
40:29 Imperial Age
KnightOfHonor
2:08 Loom
10:57 Feudal Age
18:04 Castle Age
16:09 Double-Bit Axe
16:23 Stone Mining
17:25 Horse Collar
18:20 Gold Mining
18:24 Fletching
18:45 Forging
21:13 Murder Holes
24:10 Ballistics
26:21 Scale Mail Armor
26:59 Guard Tower
27:19 Bodkin Arrow
28:56 Iron Casting
30:53 Chain Mail Armor
30:54 Bow Saw
32:45 Wheelbarrow
32:12 Heavy Plow
35:46 Imperial Age
Connection lost

Rejoining the realm…

Still unreachable

The connection could not be restored.

Session expired

The server has moved on; the page needs a fresh start.